 Dungeon Crawl Stone Soup version 0.31-a0-1321-g5021b54cb2 (console) character file.

Game seed: 4962594890625162768

55142 Banquo the Fighter (level 15, -12/116 HPs)
             Began as a Djinni Air Elementalist on Dec 20, 2023.
             Was an Initiate of Gozag.
             Mangled by a large slime creature (28 damage)
             ... on level 11 of the Dungeon on Dec 21, 2023.
             The game lasted 01:40:01 (33447 turns).

Banquo the Fighter (Djinni Air Elementalist)       Turns: 33447, Time: 01:40:02

Health: -12/116    AC: 12    Str:  7    XL:     15   Next: 16%
Gold:   3956       EV: 18    Int: 23    God:    Gozag SH: 13 Dex: 21

rFire   + + .        c - staff of conjuration
rCold   . . .        i - +1 buckler of Eternal Night {Slay+2}
rNeg    . . .        d - +1 leather armour {rC+}
rPois   ∞            h - +0 helmet
rElec   .            e - +1 cloak
rCorr   .            g - +2 pair of gloves
SInv    .            (boots unavailable)
Will    +....        J - amulet of reflection
Stlth   ++           I - +6 ring of dexterity
HPRegen 0.39/turn    (no ring)
MPRegen 0.00/turn

%: reflection, infuse magic (-13 HP)
@: swift, flying, quick
A: sickness immunity, fire resistance 2, cold vulnerability 1, float, innate
caster, HP casting, extra vitality 1
a: Renounce Religion, Potion Petition, Call Merchant, Bribe Branch


You were on level 11 of the Dungeon.
You worshipped Gozag.
Gozag was most pleased with you.
You visited 3 branches of the dungeon, and saw 18 of its levels.
You also visited: Ossuary.

You collected 4798 gold pieces.
You spent 56 gold pieces at shops.
You paid 786 gold pieces to Gozag.

Inventory:

Hand Weapons
 a - a +3 dagger of venom
 b - a +4 trident of draining
 x - a +2 short sword of speed
Missiles
 o - a curare-tipped dart
 y - 134 stones
Armour
 d - a +1 leather armour of cold resistance (worn)
 e - a +1 cloak (worn)
 g - a +2 pair of gloves (worn)
 h - a +0 helmet (worn)
 i - the +1 buckler of Eternal Night (worn) {Slay+2}
   (You acquired it on level 8 of the Dungeon)

   Slay+2:    It affects your accuracy & damage with ranged weapons and melee
   (+2).
 L - a +1 robe of fire resistance
Magical Staves
 c - a staff of conjuration (weapon)
Jewellery
 I - a +6 ring of dexterity (left hand)
 J - an amulet of reflection (around neck)
Wands
 j - a wand of iceblast (17)
 p - a wand of acid (8)
 u - a wand of paralysis (8)
 B - a wand of mindburst (43)
 D - a wand of digging (5)
 F - a wand of flame (23)
Scrolls
 k - 2 scrolls of teleportation
 m - 2 scrolls of revelation
 r - a scroll of acquirement
 t - 2 scrolls of blinking
 w - a scroll of enchant weapon
 z - 5 scrolls of fog
 A - a scroll of immolation
 C - a scroll of enchant armour
 E - a scroll of identify
 O - 3 scrolls of fear
 R - a scroll of butterflies
Potions
 f - 6 potions of curing
 l - 3 potions of resistance
 n - 2 potions of haste
 q - a potion of attraction
 s - 2 potions of brilliance
 v - a potion of cancellation
 H - 6 potions of heal wounds
 K - a potion of ambrosia
 P - 3 potions of might
 Q - 2 potions of invisibility
 S - 4 potions of enlightenment


   Skills:
 * Level 13.9 Fighting
 - Level 8.0 Armour
 * Level 11.1 Dodging
 - Level 1.5 Stealth
 - Level 8.0 Shields
 * Level 12.7 Spellcasting
 * Level 12.7 Conjurations
 * Level 12.7 Hexes
 * Level 12.7 Summonings
 * Level 12.7 Necromancy
 * Level 12.7 Translocations
 * Level 12.7 Fire Magic
 * Level 12.7 Ice Magic
 * Level 12.7 Air Magic
 * Level 12.7 Earth Magic
 * Level 12.7 Alchemy


You knew the following spells:

 Your Spells              Type           Power      Damage    Failure   Level
a - Shock                 Conj/Air       100%       1d9       1%          1
b - Lesser Beckoning      Tloc           100%       N/A       1%          2
c - Mephitic Cloud        Conj/Alch/Air  83%        N/A       1%          3
d - Static Discharge      Conj/Air       100%       3-8/arc   1%          2
e - Airstrike             Air            32%        2d(5-21)  1%          4
i - Alistair's Intoxicat  Alch           43%        N/A       1%          5
l - Lee's Rapid Deconstr  Erth           32%        3d17*     1%          5
p - Fulminant Prism       Conj/Alch      41%        3d19      1%          4
z - Foxfire               Conj/Fire      100%       2x1d9     1%          1
D - Dispersal             Tloc           32%        N/A       7%          6
M - Swiftness             Air            65%        N/A       1%          3
Your spell library was empty.

Dungeon Overview and Level Annotations

Branches:
Dungeon (12/15)            Temple (1/1) D:4            Lair (5/5) D:8
 Shoals (0/4) Lair:2        Snake (0/4) Lair:2        Slime (0/5) Lair:5
    Orc (0/2) D:11        Ossuary (visited)

Altars:
Ashenzari
Cheibriados
Dithmenos
Elyvilon
Fedhas
Gozag
Hepliaklqana
Makhleb
Nemelex Xobeh
Okawaru
Qazlal
Ru
Trog
Uskayaw
Wu Jian
Xom
Yredelemnul
Zin
The Shining One
Jiyva
Lugonu

Shops:
D:8 *

Portals:
Abyss: Lair:5

Annotations:
D:4 1 runed translucent door, Cadnt's ghost, novice BaFi
D:11 3 runed translucent doors, Myeduj Riu's ghost, journeyman MiFi


Innate Abilities, Weirdness & Mutations

You are immune to sickness and miasma.
You are immune to poison.
Your flesh is very heat resistant. (rF++)
You are vulnerable to cold. (rC-)
You float through the air rather than walking.
You learn spells naturally, not from books.
Your magical power is your life essence.
You have superior vitality. (+4 MHP)


Message History

The large slime creature is heavily wounded.
The slime creature quivers.
The air twists around and strikes the large slime creature!!
The large slime creature is severely wounded.
A slime creature comes into view.
The air twists around and strikes the large slime creature!
The large slime creature is severely wounded.
Two slime creatures merge to form a very large slime creature.
The air twists around and strikes the very large slime creature!
The very large slime creature is heavily wounded.
The air twists around and strikes the very large slime creature!
The very large slime creature is severely wounded.
The slime creature attacks as it pursues you!
The slime creature hits you!
A very large slime creature splits.
There is a stone staircase leading up here.
You block the slime creature's attack.
Two slime creatures merge to form a large slime creature.
Two slime creatures merge to form an enormous slime creature.
You fly upwards.
Level annotation: 3 runed translucent doors, Myeduj Riu's ghost, journeyman MiFi
There is a stone staircase leading down here.
The air twists around and strikes the enormous slime creature!!
The enormous slime creature is heavily wounded.
The air twists around and strikes the enormous slime creature!!
The enormous slime creature is severely wounded.
An enormous slime creature splits.
The air twists around and strikes the large slime creature!!
The large slime creature is almost dead.
The large slime creature hits you!!
The large slime creature barely misses you.
Unknown command.
Casting: Airstrike (safe; 1% risk of failure)
Confirm with . or Enter, or press ? or * to list all spells.
You feel quick. The large slime creature hits you!!
* * * LOW HITPOINT WARNING * * *
The large slime creature barely misses you.
The large slime creature attacks as it pursues you!
The large slime creature hits you!!
You die...
Your body crumbles into a pile of gold.

### #..P~~P♣♣♣~~P# #.).......## #
##.#P~~♣≈♣~~P.# ###'####### #
###..~P~~≈≈♣~P..# #....#
##PP~~~~♣≈~~PP~P## ####'#####
#..~~~♣≈♣♣~.~PP## #.......##
#.~~♣P~~P~~~..## #.......##
##P.~P~.P......# #.......'.
......###.#...J###### #.......##
.....+.##.....>J@...# #.......##
.....#.......♣♣♣..♣.♣♣##.......##
.....####.♣♣♣P~♣~~~♣♣~~~♣♣.....##
.....# #♣~~♣♣♣~~PP~~~~~P~♣~♣♣.<##
.....#♣♣P~~P~~~≈~~~~♣~~♣~~~♣P..##
.....~♣P~~♣~~≈~≈~≈≈≈≈~~~♣~~~~♣###
....♣~~~♣P~~≈≈≈~≈≈≈≈≈≈≈~~~~~~♣P##
#'#♣P~~P~~PP≈≈≈≈≈≈≈≈≈≈~~~~~P~~~♣#
....♣P♣~~P~≈≈≈≈≈≈≈≈≈≈≈≈~~P~~~~♣..


You could see 2 large slime creatures.

Vanquished Creatures
  3 hydras
  2 two-headed ogres (D:11)
  5 death yaks (Lair:5)
  3 boulder beetles
  3 thrashing horrors (Lair:5)
  A fire crab (Lair:5)
  Amaemon (D:8)
  2 skysharks
  2 lindwurms
  2 large abominations (Lair:5)
  Maurice (D:8)
  A manticore (Lair:2)
  2 oklob plants (Lair:5)
  An ugly thing (Lair:5)
  Joseph (D:8)
  A black mamba (shapeshifter) (Lair:5)
  2 black mambas
  4 elephants
  2 torpor snails
  A gargoyle (D:11)
  13 cane toads
  Maggie (D:8)
  A rime drake (Lair:5)
  An unseen horror (D:10)
  7 komodo dragons
  Jeremiah (D:7)
  Psyche (D:8)
  4 trolls
  4 polar bears
  A hornet (D:10)
  A wind drake (Lair:2)
  Grinder (D:4)
  Prince Ribbit (D:5)
  A raiju (Lair:5)
  25 blink frogs
  4 wraiths
  Sigmund (D:4)
  A vampire (D:11)
  A ynoxinul (Lair:5)
  A spriggan (shapeshifter) (Lair:5)
  3 wyverns (Lair:5)
  2 shadows (D:10)
  46 yaks
  A spriggan (Lair:5)
  3 water elementals (D:11)
  2 steam dragons (D:7)
  3 basilisks (Lair:5)
  4 vampire mosquitoes (D:10)
  4 chaos spawn (Lair:5)
  Menkaure (D:6)
  2 acid dragons
  Edmund (D:5)
  2 nagas (Lair:2)
  24 water moccasins
  An ice beast (D:6)
  2 sky beasts (D:7)
  4 black bears
  An ogre (D:5)
  4 orc warriors
  11 small abominations (Lair:5)
  24 wolves
  4 centaurs
  Blork the orc (D:4)
  2 kobold brigands
  14 bullfrogs
  A gnoll sergeant (D:12)
  2 scorpions (D:5)
  7 wights
  14 killer bees
  7 electric eels (D:11)
  2 howler monkeys
  2 centaur zombies (Ossuary)
  5 hounds
  A gnoll bouda (D:9)
  4 jellies
  8 orc priests
  3 human zombies (Ossuary)
  2 sleepcaps (D:7)
  5 iguanas
  5 orc wizards
  2 mummies (Ossuary)
  10 gnolls
  7 adders
  2 shadow imps
  4 white imps
  2 ufetubi (D:5)
  An adder zombie (Ossuary)
  2 worms
  3 dart slugs
  46 orcs
  5 endoplasms
  6 giant cockroaches
  8 hobgoblins
  7 jackals
  6 quokkas
  8 ball pythons
  4 bats
  3 frilled lizards
  15 goblins
  A goblin zombie (Ossuary)
  14 hobgoblin zombies (Ossuary)
  A jackal zombie (Ossuary)
  11 kobolds
  9 kobold zombies (Ossuary)
  5 orc zombies (Ossuary)
  4 rats (D:1)
  A rat zombie (Ossuary)
532 creatures vanquished.

Vanquished Creatures (others)
  An orange demon (D:8)
  270 foxfires
  52 fulminant prisms
323 creatures vanquished.

Grand Total: 855 creatures vanquished

Notes
Turn   | Place    | Note
-------+----------+-------------------------------------------
     0 | D:1      | Banquo the Djinni Air Elementalist began the quest for the
                  | Orb.
     0 | D:1      | Banquo set off with the following spells memorised: Shock,
                  | Static Discharge, Swiftness, Airstrike.
     0 | D:1      | Reached XP level 1. HP: 15/15 MP: 0/0
   125 | D:1      | Reached XP level 2. HP: 14/22 MP: 0/0
   163 | D:1      | Reached skill level 1 in Fighting
   185 | D:1      | Found a faded altar of an unknown god.
   290 | D:1      | Reached XP level 3. HP: 19/27 MP: 0/0
   290 | D:1      | Learned a level 1 spell: Foxfire
   707 | D:1      | Reached skill level 2 in Fighting
  1456 | D:2      | Reached XP level 4. HP: 30/33 MP: 0/0
  2513 | D:3      | Reached XP level 5. HP: 38/39 MP: 0/0
  2513 | D:3      | Learned a level 2 spell: Lesser Beckoning
  2982 | D:4      | Reached skill level 3 in Fighting
  3155 | D:4      | Found a sacrificial altar of Ru.
  3171 | D:5      | Entered Level 5 of the Dungeon
  3251 | D:5      | Reached XP level 6. HP: 17/46 MP: 0/0
  3334 | D:5      | Noticed Prince Ribbit
  3379 | D:5      | Noticed a black bear
  3388 | D:5      | Killed a black bear
  3389 | D:5      | Reached XP level 7. HP: 17/51 MP: 0/0
  3389 | D:5      | Learned a level 3 spell: Mephitic Cloud
  3433 | D:5      | Reached skill level 4 in Fighting
  3448 | D:5      | Killed Prince Ribbit
  3449 | D:5      | Reached skill level 5 in Spellcasting
  3449 | D:5      | Reached skill level 5 in Conjurations
  3449 | D:5      | Reached skill level 5 in Hexes
  3449 | D:5      | Reached skill level 5 in Summonings
  3449 | D:5      | Reached skill level 5 in Necromancy
  3449 | D:5      | Reached skill level 5 in Translocations
  3449 | D:5      | Reached skill level 5 in Fire Magic
  3449 | D:5      | Reached skill level 5 in Ice Magic
  3449 | D:5      | Reached skill level 5 in Air Magic
  3449 | D:5      | Reached skill level 5 in Earth Magic
  3449 | D:5      | Reached skill level 5 in Alchemy
  3491 | D:5      | Found a sand-covered staircase.
  3579 | Ossuary  | Entered an ossuary
  3962 | Ossuary  | Reached XP level 8. HP: 47/58 MP: 0/0
  4094 | Ossuary  | Reached skill level 5 in Fighting
  4320 | D:4      | Noticed Sigmund
  4326 | D:4      | Killed Sigmund
  4327 | D:4      | Reached skill level 5 in Dodging
  4559 | D:4      | Noticed Blork the orc
  4564 | D:4      | Killed Blork the orc
  4660 | D:4      | Found a bloodstained altar of Trog.
  4699 | D:4      | Noticed Grinder
  4703 | D:4      | Killed Grinder
  4704 | D:4      | Reached XP level 9. HP: 50/66 MP: 0/0
  4704 | D:4      | Learned a level 4 spell: Fulminant Prism
  4789 | D:4      | Found a staircase to the Ecumenical Temple.
  4796 | Temple   | Entered the Ecumenical Temple
  4810 | Temple   | Became a worshipper of Gozag Ym Sagoz the Greedy
  4945 | D:4      | Reached skill level 6 in Fighting
  5082 | D:4      | Found an iron altar of Okawaru.
  5182 | D:4      | Found a runed translucent door.
  5183 | D:4      | Noticed Cadnt's ghost (novice BaFi)
  5902 | D:5      | Noticed Edmund
  5904 | D:5      | Killed Edmund
  6496 | D:6      | Found a hazy altar of Hepliaklqana.
  6683 | D:6      | Reached skill level 1 in Armour
  6716 | D:6      | Noticed Menkaure
  6719 | D:6      | Killed Menkaure
  6752 | D:6      | Reached skill level 7 in Fighting
  7123 | D:6      | Reached XP level 10. HP: 33/75 MP: 0/0
  7551 | D:6      | Found a hide-covered altar of Uskayaw.
  7801 | D:7      | Noticed Jeremiah
  8594 | D:7      | Killed Jeremiah
  8595 | D:7      | Reached skill level 8 in Fighting
  9122 | D:8      | Identified 2 scrolls of acquirement
  9122 | D:8      | Acquired the +1 buckler of Eternal Night {Slay+2}
  9588 | D:8      | Found a staircase to the Lair.
  9592 | D:8      | Noticed Maurice
  9602 | D:8      | Killed Maurice
 10352 | D:8      | Noticed Psyche
 10358 | D:8      | Killed Psyche
 10359 | D:8      | Reached skill level 5 in Armour
 10359 | D:8      | Reached XP level 11. HP: 67/82 MP: 0/0
 10359 | D:8      | Learned a level 5 spell: Alistair's Intoxication
 10704 | D:8      | Noticed Maggie
 10704 | D:8      | Noticed Amaemon
 11148 | D:8      | Noticed Joseph
 11155 | D:8      | Killed Joseph
 11303 | D:8      | Killed Amaemon
 11304 | D:8      | Reached skill level 9 in Fighting
 11593 | D:8      | Killed Maggie
 12034 | D:8      | Found a staircase to the Lair.
 13308 | D:9      | Reached skill level 1 in Shields
 13620 | D:9      | Found a sparkling altar of Nemelex Xobeh.
 13620 | D:9      | Found a stormy altar of Qazlal.
 13995 | Lair:1   | Entered Level 1 of the Lair of Beasts
 14478 | Lair:2   | Reached XP level 12. HP: 61/91 MP: 0/0
 14480 | Lair:2   | Reached skill level 10 in Fighting
 14775 | Lair:2   | Noticed a skyshark
 14780 | Lair:2   | Killed a skyshark
 15469 | Lair:1   | Reached skill level 10 in Spellcasting
 15469 | Lair:1   | Reached skill level 10 in Conjurations
 15469 | Lair:1   | Reached skill level 10 in Hexes
 15469 | Lair:1   | Reached skill level 10 in Summonings
 15469 | Lair:1   | Reached skill level 10 in Necromancy
 15469 | Lair:1   | Reached skill level 10 in Translocations
 15469 | Lair:1   | Reached skill level 10 in Fire Magic
 15469 | Lair:1   | Reached skill level 10 in Ice Magic
 15469 | Lair:1   | Reached skill level 10 in Air Magic
 15469 | Lair:1   | Reached skill level 10 in Earth Magic
 15469 | Lair:1   | Reached skill level 10 in Alchemy
 15840 | Lair:1   | Noticed a six-headed hydra
 15873 | Lair:2   | Noticed a five-headed hydra
 15883 | Lair:2   | Killed a five-headed hydra
 16214 | Lair:2   | Reached skill level 5 in Shields
 16948 | Lair:1   | Reached skill level 11 in Fighting
 17006 | Lair:1   | Reached XP level 13. HP: 86/99 MP: 0/0
 17006 | Lair:1   | Learned a level 5 spell: Lee's Rapid Deconstruction
 17938 | Lair:1   | Killed a six-headed hydra
 18923 | Lair:2   | Found a staircase to the Snake Pit.
 19182 | Lair:2   | Found a staircase to the Shoals.
 19872 | Lair:2   | Found a staircase to the Snake Pit.
 19906 | Lair:2   | Found a staircase to the Shoals.
 21194 | Lair:3   | Reached skill level 12 in Fighting
 23851 | Lair:5   | Entered Level 5 of the Lair of Beasts
 24251 | Lair:5   | Reached XP level 14. HP: 93/108 MP: 0/0
 25072 | Lair:5   | Found a viscous altar of Jiyva.
 25072 | Lair:5   | Found a staircase to the Slime Pits.
 26688 | Lair:5   | Reached skill level 13 in Fighting
 27496 | Lair:5   | Reached skill level 10 in Dodging
 29298 | Lair:5   | Found a corrupted altar of Lugonu.
 29298 | Lair:5   | Found a one-way gate to the infinite horrors of the Abyss.
 29448 | Lair:5   | Found a corrupted altar of Lugonu.
 29448 | Lair:5   | Found a one-way gate to the infinite horrors of the Abyss.
 29728 | Lair:5   | Found a viscous altar of Jiyva.
 29946 | Lair:5   | Found a staircase to the Slime Pits.
 30413 | D:8      | Bought a sedimented pink potion for 28 gold pieces
 30413 | D:8      | Bought a sedimented pink potion for 28 gold pieces
 30490 | D:10     | Entered Level 10 of the Dungeon
 31318 | D:10     | Reached XP level 15. HP: 109/116 MP: 0/0
 31318 | D:10     | Learned a level 6 spell: Dispersal
 32197 | D:11     | Noticed Myeduj Riu's ghost (journeyman MiFi)
 32331 | D:11     | Found a runed translucent gate.
 32331 | D:11     | Found a runed translucent gate.
 32331 | D:11     | Found a runed translucent gate.
 32400 | D:11     | Found a staircase to the Orcish Mines.
 33447 | D:11     | Mangled by a large slime creature

Illustrated notes

Levels and vault maps discovered:
D:1:      grunt_arrival_lava_bath, layout_loops_ring,
          shapermc_ecumenical_altar_gd
D:2:      layout_basic
D:3:      kennysheep_the_goblin_king, layout_basic
D:4:      layout_basic, kennysheep_okawaru_gauntlet, fiery_altar_vehumet,
          mainiacjoe_overflow_brackets, amcnicky_altar_gilded,
          minmay_temple_entry_slanted, ebering_ghost_reflecting_pool,
          uniq_blork_the_orc, uniq_grinder, uniq_sigmund
D:5:      layout_cave_pools, enter_ossuary_1, minmay_misc_feat_rows,
          uniq_prince_ribbit1, uniq_edmund
D:6:      layout_rooms, mainiacjoe_overflow_paths, nicolae_uskayaw_dance_studio,
          lemuel_coloured_pillars_altar, uniq_menkaure
D:7:      layout_basic, uniq_jeremiah
D:8:      layout_loops_corners, lair_entry_dummy, special_room
          [special_room_orc], uniq_maurice, uniq_psyche, uniq_maggie,
          uniq_amaemon, uniq_joseph
D:9:      layout_irregular_city, gammafunk_temple_overflow_elements
D:10:     layout_loops_ring
D:11:     layout_roguey, orc_0_dummy, serial_bayou, serial_bayou_pond_a,
          serial_bayou_lagoon_a, serial_bayou_lake_a, serial_bayou_pond_e,
          maelrawn_ghost_gauntlet_escape
D:12:     layout_cave_pools, uniq_fannar, uniq_erolcha, uniq_josephine
Temple:   nicolae_temple_figure_eight
Lair:1:   cheibrodos_lair_river_kwai, layout_chaotic_city, serial_bayou_shore_a
Lair:2:   layout_cave_pods, minmay_shoals_entry_beasts,
          guppyfry_snake_entry_garden, minivault_26
Lair:3:   layout_roguey, serial_bayou_shore_b, serial_bayou_shore_b
Lair:4:   layout_regular_city, serial_bayou_shore_b
Lair:5:   hellmonk_lair_end_abyssal_woods, layout_gridlike,
          dpeg_slime_entry_enclosed, wad_woods_river_01

Skill      XL: |  1  2  3  4  5  6  7  8  9 10 11 12 13 14 15 |
---------------+----------------------------------------------+-----
Fighting       | 1 2 3 4 5 7 8 9 11 12 13 | 13.9
Spellcasting   | 4 5 6 7 8 9 10 11 12 | 12.7
Conjurations   | 4 5 6 7 8 9 10 11 12 | 12.7
Hexes          | 4 5 6 7 8 9 10 11 12 | 12.7
Summonings     | 4 5 6 7 8 9 10 11 12 | 12.7
Necromancy     | 4 5 6 7 8 9 10 11 12 | 12.7
Translocations | 4 5 6 7 8 9 10 11 12 | 12.7
Fire Magic     | 4 5 6 7 8 9 10 11 12 | 12.7
Ice Magic      | 4 5 6 7 8 9 10 11 12 | 12.7
Air Magic      | 4 5 6 7 8 9 10 11 12 | 12.7
Earth Magic    | 4 5 6 7 8 9 10 11 12 | 12.7
Alchemy        | 4 5 6 7 8 9 10 11 12 | 12.7
Dodging        | 3 4 6 7 8 10 11 | 11.1
Armour         | 2 5 7 8 |  8.0
Shields        | 2 5 8 |  8.0
Stealth        | |  1.5

Action                     |  1- 3 |  4- 6 |  7- 9 | 10-12 | 13-15 || total
---------------------------+-------+-------+-------+-------+-------++-------
  Melee: Dagger            |    10 |       |       |     3 |     4 ||    17
         Punch             |     1 |       |       |       |       ||     1
         Staff             |       |       |       |       |     1 ||     1
   Cast: Shock             |    84 |    67 |    35 |     2 |       ||   188
         Foxfire           |       |    63 |    89 |       |       ||   152
         Airstrike         |       |       |    80 |   317 |   503 ||   900
         Fulminant Prism   |       |       |     1 |    16 |    35 ||    52
         Mephitic Cloud    |       |       |       |     7 |     4 ||    11
         Static Discharge  |       |       |       |     4 |     2 ||     6
         Lee's Rapid Decon |       |       |       |       |    35 ||    35
         Swiftness         |       |       |       |       |     2 ||     2
 Invoke: Call Merchant     |       |       |       |       |     1 ||     1
    Use: Scroll            |       |       |     6 |    15 |    11 ||    32
   Stab: Confused          |       |       |       |       |     1 ||     1
 Armour: Robe              |     8 |    21 |    17 |       |       ||    46
         Ring mail         |       |       |       |    53 |    41 ||    94
         Leather armour    |       |       |       |       |    18 ||    18
  Dodge: Dodged            |    16 |    14 |    25 |    26 |    41 ||   122
  Block: Buckler           |       |       |       |    14 |    49 ||    63
         Reflection        |       |       |       |       |     1 ||     1

Table legend: (Time is in decaauts)
 A = Elapsed time spent in this place.
 B = Non-inter-level travel time spent in this place.
 C = Inter-level travel time spent in this place.
 D = Time resting spent in this place.
 E = Time spent auto-exploring this place.
 F = Levels seen in this place.
 G = Mean time per level.
                   A        B        C        D        E       F      G
               +--------+--------+--------+--------+--------+-----+--------+
         Total |  33479 |  31264 |   2215 |  10517 |  15281 |  19 | 1762.1 |
       Dungeon |  16604 |  15009 |   1595 |   4185 |   8081 |  12 | 1383.7 |
        Temple |     26 |      2 |     24 |      0 |      0 |   1 |   26.0 |
          Lair |  16266 |  15670 |    596 |   6170 |   7150 |   5 | 3253.2 |
       Ossuary |    581 |    581 |      0 |    162 |     50 |   1 |  581.0 |
               +--------+--------+--------+--------+--------+-----+--------+

Top non-repeatable levels by time:
  Lair:5: 6277 daAuts
  Lair:2: 3521 daAuts
     D:8: 3361 daAuts
  Lair:1: 3125 daAuts
  Lair:3: 1905 daAuts
     D:7: 1732 daAuts
     D:4: 1728 daAuts
     D:5: 1447 daAuts
  Lair:4: 1436 daAuts
    D:10: 1345 daAuts
    D:11: 1265 daAuts
     D:6: 1187 daAuts
     D:9: 1182 daAuts
     D:1: 1069 daAuts
     D:2: 1008 daAuts
